 Dungeon Crawl Stone Soup version 0.29.1-15-g9cfb28693d (webtiles) character file.

Game seed: 13682132163519443560

1263 vishdafish the Destroyer (level 8, -1/52 HPs)
             Began as a Demonspawn Conjurer on Mar 29, 2023.
             Was an Initiate of Vehumet.
             Succumbed to an orc wizard's poison
             ... on level 6 of the Dungeon.
             The game lasted 00:10:55 (6840 turns).

vishdafish the Destroyer (Demonspawn Conjurer)      Turns: 6840, Time: 00:10:55

Health: -1/52      AC: 10    Str:  8    XL:     8   Next: 27%
Magic:  2/18       EV: 12    Int: 21    God:    Vehumet [......]
Gold:   255        SH:  0    Dex: 18    Spells: 11/20 levels left

rFire   . . .      SeeInvis .   E - +6 short sword "Feosch" {flame, rF- rC+ Dex+6}
rCold   + + .      Faith    .   (no shield)
rNeg    . . .      Spirit   .   a - +0 robe
rPois   +          Reflect  .   (no helmet)
rElec   +          Harm     .   (no cloak)
rCorr   +          Rampage  .   (no gloves)
Will    .....                   p - +0 pair of boots
Stlth   ++........              j - amulet of the acrobat
HPRegen 0.17/turn               k - +4 ring of protection
MPRegen 0.16/turn               (no ring)

@: mighty, lethally poisoned (-1 -> -12), resistant
A: slimy green scales 2, powered by death 1, weakness stinger 1
a: Renounce Religion


You were on level 6 of the Dungeon.
You worshipped Vehumet.
Vehumet was noncommittal.
You visited 2 branches of the dungeon, and saw 7 of its levels.
You also visited: Sewer.

You collected 255 gold pieces.

Inventory:

Hand Weapons
 f - a +0 short sword of venom
 E - the +6 short sword "Feosch" (weapon) {flame, rF- rC+ Dex+6}
   (You found it on level 5 of the Dungeon)

   It burns those it strikes, dealing additional fire damage.
   Dex:       It affects your dexterity (+6).
   rF:        It makes you vulnerable to fire.
   rC:        It protects you from cold.
Armour
 a - a +0 robe (worn)
 p - a +0 pair of boots (worn)
Jewellery
 j - an amulet of the acrobat (around neck)
 k - a +4 ring of protection (left hand)
Wands
 y - a wand of charming (6)
 B - a wand of polymorph (5)
Scrolls
 d - 10 scrolls of identify {unknown}
 e - a scroll of acquirement {unknown}
 h - a scroll of fear {unknown}
 i - a scroll of blinking {unknown}
 o - 2 scrolls of enchant weapon {unknown}
 q - a scroll of immolation {unknown}
 u - a scroll of noise {unknown}
 v - 2 scrolls of teleportation {unknown}
 A - a scroll of vulnerability {unknown}
 D - 2 scrolls of fog {unknown}
 F - 2 scrolls of brand weapon
 G - a scroll of enchant armour {unknown}
Potions
 b - 2 potions of magic
 c - 2 potions of degeneration
 l - a potion of haste
 m - a potion of cancellation
 s - a potion of curing {unknown}
 t - a potion of flight {unknown}
 w - a potion of mutation {unknown}
 x - 2 potions of invisibility {unknown}
 z - a potion of attraction {unknown}
 C - a potion of ambrosia {unknown}


   Skills:
 - Level 1.8 Dodging
 - Level 1.8 Stealth
 + Level 6.7 Spellcasting
 + Level 8.2 Conjurations


You had 11 spell levels left.
You knew the following spells:

 Your Spells              Type           Power      Damage    Failure   Level
a - Magic Dart            Conj           100%       1d8       1%          1
b - Fulminant Prism       Conj/Hex       12%        3d9       17%         4
c - Iskenderun's Mystic   Conj/Tloc      24%        2d7       17%         4

Your spell library contained the following spells:

 Spells                   Type           Power      Damage    Failure   Level
 Searing Ray              Conj           82%        2d7       1%          2
 Conjure Flame            Conj/Fire      24%        6-21      4%          3
 Dazzling Flash           Conj/Hex       48%        N/A       4%          3
 Beastly Appendage        Tmut           14%        N/A       9%          1
 Summon Small Mammal      Summ           28%        N/A       9%          1
 Wereblood                Tmut           7%         N/A       14%         2
 Sticky Flame             Conj/Fire      24%        2d5       17%         4
 Call Canine Familiar     Summ           7%         N/A       26%         3
 Ignite Poison            Fire/Tmut/Pois 7%         N/A       26%         3
 Spider Form              Tmut/Pois      7%         N/A       26%         3
 Summon Guardian Golem    Hex/Summ       7%         N/A       26%         3


Dungeon Overview and Level Annotations

Branches:
Dungeon (6/15)             Temple (1/1) D:5           Sewer (visited)

Altars:
Ashenzari
Cheibriados
Dithmenos
Fedhas
Gozag
Hepliaklqana
Makhleb
Nemelex Xobeh
Okawaru
Ru
Sif Muna
Uskayaw
Vehumet
Wu Jian
Xom

Shops:
D:4 =   D:5 [

Annotations:
D:6 Dowan, Duvessa


Innate Abilities, Weirdness & Mutations

You are mostly covered in slimy green scales. (AC +3)
You regenerate a little health from kills.
You have a small tail.


Message History

It is a scroll of brand weapon.
Your +0 short sword drips with poison.
f - a +0 short sword of venom You feel extremely sick.
The orc hits you with a +0 dagger.
* * * LOW HITPOINT WARNING * * *
Something hits you but does no damage.
You are more poisoned.
Okay, then.
You feel much better.
You feel extremely sick. The orc misses you.
You hear some strange, mumbled words.
A puff of flame appears from out of thin air!
The puff of flame hits you! The fire burns you terribly!
You feel yourself speed up.
You feel very sick. The orc hits you but does no damage.
Something hits you but does no damage.
You are more poisoned.
* * * LOW HITPOINT WARNING * * *
You feel very sick.
* * * LOW HITPOINT WARNING * * *
You feel very sick. The orc completely misses you.
* * * LOW HITPOINT WARNING * * *
You feel very sick.
It was a potion of cancellation.
Your magical effects are unravelling.
You feel magically purged.
You feel yourself slow down.
* * * LOW HITPOINT WARNING * * *
You feel very sick.
It was a potion of resistance.
You feel protected.
* * * LOW HITPOINT WARNING * * *
You feel very sick. The orc hits you but does no damage.
It was a potion of might.
You feel very mighty all of a sudden.
You die...

######### #.......#
#.#####.# #.#####.#
.....##.# #.##.##.#
#.##.##.##############
........##......@....##
..>............##o....# .
.......[..............##...
####.###.####..##.)........
# #.# #.###...###...####..
# # . .........###.## #
###>###...## #.# # #.#
#..## #.# #.# #..# .).


You could see an orc.

Vanquished Creatures
  A sky beast (D:6)
  2 ogres
  2 centaurs
  A bullfrog (D:5)
  Blork the orc (D:4)
  A necrophage (D:5)
  A scorpion (D:5)
  2 howler monkeys
  3 jellies (Sewer)
  2 hounds
  3 iguanas (D:5)
  2 orc wizards
  12 adders
  A gnoll (D:2)
  A river rat (Sewer)
  An ufetubus (D:4)
  2 worms (D:2)
  A dart slug (D:2)
  13 orcs
  3 bats
  12 endoplasms
  7 giant cockroaches
  4 goblins
  9 hobgoblins
  6 quokkas
  4 ball pythons
  8 frilled lizards
  2 kobolds
  9 rats
116 creatures vanquished.

Vanquished Creatures (others)
  4 fulminant prisms
  4 plants (D:5)
8 creatures vanquished.

Grand Total: 124 creatures vanquished

Notes
Turn   | Place    | Note
-------+----------+-------------------------------------------
     0 | D:1      | vishdafish the Demonspawn Conjurer began the quest for the
                  | Orb.
     0 | D:1      | Reached XP level 1. HP: 13/13 MP: 3/3
   655 | D:1      | Gained mutation: You are partially covered in slimy green
                  | scales. (AC +2) [demonic ancestry]
   655 | D:1      | Reached XP level 2. HP: 19/19 MP: 0/5
  1324 | D:2      | Reached XP level 3. HP: 24/24 MP: 1/7
  2109 | D:3      | Reached XP level 4. HP: 23/30 MP: 0/8
  2253 | D:3      | Found a shadowy altar of Dithmenos.
  2300 | D:3      | Found a shimmering altar of Xom.
  2492 | D:2      | Reached skill level 5 in Conjurations
  3029 | D:2      | Found a faded altar of an unknown god.
  3094 | D:4      | Found Tothruynn's Jewellery Shoppe.
  3359 | D:4      | Noticed Blork the orc
  3383 | D:4      | Gained mutation: You regenerate a little health from kills.
                  | [demonic ancestry]
  3383 | D:4      | Reached XP level 5. HP: 35/35 MP: 5/10
  3416 | D:4      | Found a glowing drain.
  3423 | Sewer    | Entered a sewer
  3832 | Sewer    | Found a shimmering altar of Xom.
  3981 | Sewer    | Reached XP level 6. HP: 41/41 MP: 5/12
  4174 | D:4      | Reached skill level 6 in Conjurations
  4288 | D:4      | Found a burning altar of Makhleb.
  4430 | D:5      | Entered Level 5 of the Dungeon
  4736 | D:5      | Reached skill level 5 in Spellcasting
  4736 | D:5      | Gained mutation: You have a small tail. [demonic ancestry]
  4736 | D:5      | Reached XP level 7. HP: 46/46 MP: 7/14
  4789 | D:5      | Found a staircase to the Ecumenical Temple.
  4816 | Temple   | Entered the Ecumenical Temple
  5101 | Temple   | Became a worshipper of Vehumet
  5209 | D:5      | Found Paithuisch's Armour Shop.
  5228 | D:5      | Reached skill level 7 in Conjurations
  5927 | D:5      | Identified the +6 short sword "Feosch" {flame, rF- rC+
                  | Dex+6}
  6173 | D:5      | Found an opulent altar of Gozag.
  6264 | D:5      | Learned a level 4 spell: Fulminant Prism
  6269 | D:5      | Learned a level 4 spell: Iskenderun's Mystic Blast
  6333 | D:4      | Killed Blork the orc
  6470 | D:6      | Found an iron altar of Okawaru.
  6482 | D:6      | Gained mutation: You are mostly covered in slimy green
                  | scales. (AC +3) [demonic ancestry]
  6482 | D:6      | Reached XP level 8. HP: 47/52 MP: 2/17
  6487 | D:6      | Noticed Dowan
  6488 | D:6      | Noticed Duvessa
  6701 | D:6      | Reached skill level 8 in Conjurations
  6839 | D:6      | HP: 2/52 [poisoned by an orc wizard]
  6840 | D:6      | Succumbed to an orc wizard's poison

Illustrated notes

Levels and vault maps discovered:
D:1:      eino_arrival_water_star, layout_loops_ring
D:2:      layout_loops_cross, hellmonk_ecumenical_altar_inner_sanctum,
          minmay_nonomino_d4
D:3:      layout_basic, mainiacjoe_overflow_swirl
D:4:      layout_basic, lemuel_tele_altar, gup_sewer_entry_bubbles,
          serial_shops, shop, minmay_between, uniq_blork_the_orc
D:5:      layout_rooms, nicolae_gozag_cash_rules_everything_around_me,
          minmay_temple_entry_gardened_gates, serial_shops,
          kennysheep_little_box
D:6:      layout_loops_ring, kiku_gazebo_pond_becter,
          mainiacjoe_overflow_brackets, okawaru_trees_1,
          mainiacjoe_overflow_boulevard, uniq_duvessa
Temple:   grunt_temple_mini_profane

Skill      XL: |  1  2  3  4  5  6  7  8 |
---------------+-------------------------+-----
Spellcasting   | 3 4 5 6 |  6.7
Conjurations   | 5 6 7 8 |  8.2
Dodging        | |  1.8
Stealth        | |  1.8

Action                   |  1- 3 |  4- 6 |  7- 9 || total
-------------------------+-------+-------+-------++-------
Melee: Unarmed           |     8 |       |       ||     8
       Short sword       |    12 |    16 |    17 ||    45
       Punch             |     1 |       |       ||     1
       Tailslap          |       |       |     2 ||     2
 Cast: Magic Dart        |    89 |   142 |    87 ||   318
       Fulminant Prism   |       |       |     4 ||     4
       Iskenderun's Myst |       |       |     2 ||     2
  Use: Potion            |       |     3 |     7 ||    10
       Scroll            |       |       |     1 ||     1
Armor: Robe              |     6 |    17 |    22 ||    45
Dodge: Dodged            |    25 |    37 |    33 ||    95
